 Dungeon Crawl Stone Soup version 0.22-a0-565-gfc6459a524 (webtiles) character file.

391 Kholdaimon the Shield-Bearer (level 6, -1/56 HPs)
             Began as a Deep Dwarf Fighter on June 29, 2018.
             Killed by divine providence
             ... invoked by an orc priest
              (12 damage)
             ... on level 4 of the Dungeon.
             The game lasted 00:23:47 (2814 turns).

Kholdaimon the Shield-Bearer (Deep Dwarf Fighter)   Turns: 2814, Time: 00:23:47

Health: -1/56      AC: 13    Str: 20    XL:     6   Next: 50%
Magic:  5/5        EV:  7    Int: 10    God:
Gold:   131        SH: 11    Dex: 12    Spells: 5/5 levels left

rFire    . . .     SeeInvis .   a - +1 war axe
rCold    . . .     Gourm    .   c - +1 shield
rNeg     . . .     Faith    .   b - +0 scale mail
rPois    .         Spirit   .   o - +2 helmet
rElec    .         Reflect  .   (no cloak)
rCorr    .         Harm     .   (no gloves)
MR       .....                  (no boots)
Stlth    ..........             (no amulet)
HPRegen  0.00/turn              l - +3 ring of protection
MPRegen  0.09/turn              (no ring)

@: non-regenerating
A: damage resistance, heal wounds, sense surroundings 1, no regeneration
a: Heal Wounds


You were on level 4 of the Dungeon.
You were not hungry.

You visited 1 branch of the dungeon, and saw 4 of its levels.

You collected 131 gold pieces.

Inventory:

Hand Weapons
 a - a +1 war axe (weapon)
 h - a +1 mace of protection
 r - a +1 spear of venom
Missiles
 e - 5 tomahawks (quivered)
 m - 26 stones
 p - 7 poisoned needles
 s - 19 bolts
 v - 4 javelins of penetration
Armour
 b - a +0 scale mail (worn)
 c - a +1 shield (worn)
 o - a +2 helmet (worn)
Jewellery
 l - a +3 ring of protection (left hand)
Wands
 n - a wand of flame (25)
Scrolls
 g - a scroll of fog {unknown}
 j - 3 scrolls of enchant armour
Potions
 d - a potion of might
 t - a potion of flight {unknown}
 u - a potion of haste {unknown}
 w - a potion of invisibility {unknown}
Comestibles
 f - 5 rations
 i - 2 chunks of flesh


   Skills:
 - Level 3.0 Fighting
 * Level 5.3 Axes
 - Level 4.0 Armour
 * Level 5.8 Shields


You had 5 spell levels left.
You didn't know any spells.
Your spell library was empty.

Dungeon Overview and Level Annotations

Branches:
Dungeon (4/15)
 Temple: D:4-7

Altars:
Kikubaaqudgha

Annotations:
D:4 1 runed door


Innate Abilities, Weirdness & Mutations

You are resistant to damage.
You can heal yourself by infusing magical energy.
You passively map a small area around you.
You do not regenerate.


Message History

There is an open door here.
You see here a ring mail.
There is an open door here.
An orc comes into view. It is wielding a club.
The orc shouts!
An orc priest comes into view. It is wielding a dagger.
The orc priest shouts!
The orc priest looks encouraged for a moment.
An orc comes into view. It is wielding a whip.
An orc priest comes into view.
The orc shouts!
The orc priest shouts!
The orc priest miscasts a cantrip.
The orc priest invokes the aid of Beogh against you.
Beogh smites you!
The orc priest mumbles some strange prayers to Beogh against you.
Beogh smites you!
* * * LOW HITPOINT WARNING * * *
The orc priest invokes the aid of Beogh against you.
Beogh smites you!
You die...

........... ,## ..........#
##. .....o....# , , #..
....o.....# ,#.. ,
........# ,#.. * **
*#.o....# #.. #......#
#....#.. #...o..#####
###....### #......@...#
#......... *#..........#
#......... .............#
#......... ..............#
#......... *
..............# #.........
*
..............####.........
*
##.................########
*
#.................#.......
.................#.......


You could see 2 orc priests and 2 orcs.

Vanquished Creatures
  Purgy (D:4)
  An iguana (D:4)
  Ijyb (D:4)
  Robin (D:2)
  6 gnolls (D:2)
  8 adders
  An ooze (D:3)
  4 worms
  A dart slug (D:3)
  4 leopard geckos
  4 bats
  7 giant cockroaches
  18 goblins
  6 hobgoblins
  7 jackals (D:2)
  6 kobolds
  2 quokkas
  3 frilled lizards
  4 rats
85 creatures vanquished.

Notes
Turn   | Place    | Note
-------+----------+-------------------------------------------
     0 | D:1      | Kholdaimon the Deep Dwarf Fighter began the quest for the Orb.
     0 | D:1      | Reached XP level 1. HP: 20/20 MP: 1/1
   154 | D:1      | Reached XP level 2. HP: 22/27 MP: 2/2
   626 | D:1      | Reached XP level 3. HP: 25/33 MP: 3/3
   747 | D:2      | Noticed Robin
   796 | D:2      | HP: 1/34 [Robin/wand of flame (26) (10)]
   797 | D:2      | Killed Robin
   882 | D:2      | Reached XP level 4. HP: 38/42 MP: 4/4
  1362 | D:2      | Reached XP level 5. HP: 36/49 MP: 5/5
  1934 | D:3      | Reached skill level 5 in Shields
  2377 | D:4      | Noticed Ijyb
  2379 | D:4      | Paralysed by Ijyb for 7 turns
  2394 | D:4      | Killed Ijyb
  2394 | D:4      | Reached XP level 6. HP: 54/56 MP: 5/5
  2412 | D:4      | Found an ancient bone altar of Kikubaaqudgha.
  2433 | D:4      | Noticed Purgy
  2460 | D:4      | Killed Purgy
  2460 | D:4      | Reached skill level 5 in Axes
  2553 | D:4      | Found a runed door.
  2814 | D:4      | Killed from afar by an orc priest

Vault maps used:
D:1:      shiori_arrival_oz, minivault_27, item_on_display_a
D:2:      uniq_robin
D:3:      first_ration
D:4:      kiku_gazebo_pond_becter, hangedman_decor_peaks_small,
          serial_bayou_pond_d, uniq_purgy, uniq_ijyb, uniq_crazy_yiuf_cottage

Skill      XL: |  1  2  3  4  5  6 |
---------------+-------------------+-----
Fighting       | 3 |  3.0
Axes           | 3 4 5 |  5.3
Shields        | 4 5 |  5.8
Armour         | 4 |  4.0

Action                   |  1- 3 |  4- 6 || total
-------------------------+-------+-------++-------
Melee: War axe           |   117 |   186 ||   303
 Abil: Heal Wounds       |     2 |     4 ||     6
  Use: Scroll            |       |     6 ||     6
  Eat: Chunk             |       |     7 ||     7
Armor: Scale mail        |    51 |    93 ||   144
Dodge: Dodged            |    37 |    73 ||   110
Block: Shield            |    63 |   108 ||   171

Table legend:
 A = Spawn XP
 B = Non-spawn XP
 C = Spawn XP percentage of total XP
 D = Spawn monster count
 E = Non-spawn monster count
 F = Spawn count percentage of total count
 G = Total turns spent on level
                    A         B        C        D         E        F      G
               +---------+---------+-------+---------+---------+-------+---------
         Total |       0 |     559 |   0.0 |       0 |      85 |   0.0 |  2814
               +---------+---------+-------+---------+---------+-------+---------
           D:1 |       0 |      45 |   0.0 |       0 |      24 |   0.0 |   719
           D:2 |       0 |     224 |   0.0 |       0 |      45 |   0.0 |  1220
           D:3 |       0 |      81 |   0.0 |       0 |      12 |   0.0 |   405
           D:4 |       0 |     209 |   0.0 |       0 |       4 |   0.0 |   470
               +---------+---------+-------+---------+---------+-------+---------
